Cogmind - Beta 17 @@@ ROGUE MODE // 2026.08.16 @ 12:45:14 Player: arsenico Result: Destroyed by UZ-SA4(R) with Subdweller Laser Performance ------------- Evolutions (0) 0 Regions Visited (3) 600 Robots Destroyed (26) 130 Value Destroyed (499) 499 Prototype IDs (0) 0 Alien Tech Used (0) 0 Bonus (0) 0 TOTAL SCORE: 1229 Bonus ------- None Cogmind --------- Core Integrity 0/250 Matter 222/300 Energy 133/265 System Corruption 0% Temperature Cool (6) Movement Core (400) Ox7 Location -10/Subcaves Parts ------- > --- POWER (1) -------- Improved Ion Engine > --- PROPULSION (2) --- (None) > --- UTILITY (2) ------ Medium Storage Unit > --- WEAPON (2) ------- Assault Rifle Light Cannon > --- INVENTORY (10) --- Signal Interpreter Hacking Suite Assault Rifle Heavy Assault Rifle Datajack Mining Laser Hammer Peak State ------------ > --- POWER ------------ Ion Engine > --- PROPULSION ------- Light Treads Wheel > --- UTILITY ---------- Medium Storage Unit Sensor Array > --- WEAPON ----------- Assault Rifle Assault Rifle > --- INVENTORY -------- Light Treads Aluminum Leg Signal Interpreter Hacking Suite Light Cannon Grenade Launcher Datajack Mining Laser Hammer [Rating: 8] Favorites ----------- Power Ion Engine Engine Ion Engine Propulsion Light Treads Treads Light Treads Wheel Wheel Utility Medium Storage Unit Device Sensor Array Storage Medium Storage Unit Weapon Assault Rifle Ballistic Gun Assault Rifle Ballistic Cannon Light Cannon Launcher Grenade Launcher Impact Weapon Hammer Build | -11 -10 -10 -10 ------- Run | Yrd Mat Min Sub Slots Evolved . | . . . . Power . | . . . . Propulsion . | . . . . Utility . | . . . . Weapon . | . . . . Parts Attached 20 | 7 5 5 3 Power 3 | 1 . 1 1 Engine 3 | 1 . 1 1 Core . | . . . . Reactor . | . . . . Propulsion 5 | 2 . 3 . Treads 2 | . . 2 . Leg . | . . . . Wheel 3 | 2 . 1 . Hover . | . . . . Flight . | . . . . Utility 4 | 2 2 . . Device 2 | 1 1 . . Storage 2 | 1 1 . . Processor . | . . . . Hackware . | . . . . Protection . | . . . . Artifact . | . . . . Weapon 8 | 2 3 1 2 Energy Gun . | . . . . Energy Cannon . | . . . . Ballistic Gun 4 | 2 1 1 . Ballistic Cannon 1 | . . . 1 Launcher 2 | . 1 . 1 Special Weapon . | . . . . Impact Weapon 1 | . 1 . . Slashing Weapon . | . . . . Piercing Weapon . | . . . . Special Melee Weapon . | . . . . Unidentified Prototypes . | . . . . Parts Lost 9 | . 2 2 5 Power 1 | . . . 1 Propulsion 4 | . 1 1 2 Utility 2 | . 1 . 1 Weapon 2 | . . 1 1 Highest Loss Streak 3 | . 1 1 3 To Critical Strikes 2 | . . . 2 Average Backups 7 | 1 4 8 8 Power . | . . . . Propulsion . | . . . . Utility 2 | . 2 2 2 Weapon 3 | . 2 4 4 Tool/Special . | . . . . Unused Backups 8 | . . 3 5 Power . | . . . . Propulsion 1 | . . 1 . Utility 4 | . . 2 2 Weapon 2 | . . . 2 Tool/Special 1 | . . . 1 Average Slot Usage (%) 91 | . 88 90 96 Engine 13 | . 14 14 12 Treads 13 | . . 14 26 Wheel 7 | . 17 6 . Device 13 | . 13 14 13 Storage 14 | . 14 14 14 Ballistic Gun 24 | . 24 24 25 Launcher 1 | . . 1 . Peak Build Rating 8 | 7 7 8 8 Average Rating 7 | 4 6 7 7 On Entrance 5 | . 7 7 8 Avg Prop Armor Cover (%) . | . . . . Naked Turns . | . . . . Heaviest Build 21 | 15 20 21 21 Greatest Support 40 | 26 26 40 40 Greatest Overweight (x) 6 | . 1 6 . Average Overweight (x) . | . . . . Largest Inventory Capacity 10 | 8 10 10 10 Average Capacity 9 | 7 8 10 10 Most Carried 10 | 4 9 10 9 Average Carried 7 | 1 4 8 8 Final Capacity 10 | 8 10 10 10 Final Carried 9 | 2 7 9 7 Class Distribution -------------------- 100% | Mutant Dominant Class ---------------- Mutant | -10/Materials Mutant | -10/Mines Mutant | -10/Subcaves Resources | -11 -10 -10 -10 ----------- Run | Yrd Mat Min Sub Matter Collected 752 | 338 152 262 . Remotely . | . . . . Salvage Created 558 | 164 152 163 79 Parts 48 | 12 19 15 2 Haulers Intercepted . | . . . . Recyclers Shooed . | . . . . Parts Field Recycled . | . . . . Retrieved Matter . | . . . . Parts Self-Destructed 2 | . . . 2 Prevented . | . . . . Parts Restored . | . . . . Kills | -11 -10 -10 -10 ------- Run | Yrd Mat Min Sub Combat Hostiles Destroyed 17 | . 8 7 2 Guns 5 | . 2 2 1 AOE 11 | . 6 5 . Classes Destroyed 7 | 2 3 1 1 Worker 2 | . . 2 . Tunneler 5 | 5 . . . Recycler 1 | 1 . . . Operator 1 | . 1 . . Swarmer 9 | . 6 3 . Grunt 6 | . 2 4 . Subdweller 2 | . . . 2 Best Kill Streak 6 | 3 3 6 2 Combat Bots Only 4 | . 3 4 2 Max Kills in Single Turn 2 | 1 2 2 1 Gunslinging . | . . . . Exploded 2 | . 2 2 . Melee . | . . . . Uniques/NPCs Destroyed . | . . . . Combat | -11 -10 -10 -10 -------- Run | Yrd Mat Min Sub Hostile Shots Fired 95 | . 28 22 45 Missed 28 | . 7 8 13 Hits 67 | . 21 14 32 Projectile 67 | . 21 14 32 Critical Strikes 3 | . . . 3 Damage Taken 1164 | . 254 215 695 Core 256 | . 42 43 171 Absorbed by Shields . | . . . . Core Remaining (%) 100 | 100 . . . Volleys Fired 54 | 15 18 15 6 Largest 2 | 2 2 2 2 Hottest 50 | 40 50 50 50 Shots Fired 103 | 26 36 29 12 Gun 85 | 26 32 20 7 Cannon 3 | . . . 3 Launcher 15 | . 4 9 2 Special . | . . . . Kinetic 88 | 26 32 20 10 Thermal . | . . . . Explosive 15 | . 4 9 2 Electromagnetic . | . . . . Robot Hit Streak 8 | 3 4 8 4 Robot Miss Streak 3 | 3 3 3 1 Penetration Max . | . . . . Secondary Targets . | . . . . Shots Hit Robots 61 | 15 21 17 8 Core Hits 33 | 7 12 13 1 Critical Kills . | . . . . Critical Parts Destroyed 1 | . . . 1 Critical Strikes 1 | . . . 1 Smash 1 | . . . 1 Melee Attacks 6 | . 1 . 5 Impact 6 | . 1 . 5 Slashing . | . . . . Piercing . | . . . . Sneak Attacks . | . . . . Combat Hostiles . | . . . . Follow-up Attacks . | . . . . Damage Inflicted 1536 | 193 468 600 275 Guns 598 | 193 206 156 43 Cannons 53 | . . . 53 Explosions 796 | . 236 442 118 Melee 61 | . . . 61 Ramming 28 | . 26 2 . Kinetic 651 | 193 206 156 96 Thermal . | . . . . Explosive 796 | . 236 442 118 Electromagnetic . | . . . . Impact 61 | . . . 61 Slashing . | . . . . Piercing . | . . . . Highest Corruption . | . . . . Average Corruption . | . . . . Corruption Purged . | . . . . Corruption Blocked . | . . . . Overload Shots . | . . . . Overflow Damage 17 | . . . 17 Projectiles . | . . . . Explosions . | . . . . Melee 17 | . . . 17 Knockbacks 2 | . . . 2 Impact 1 | . . . 1 Kinetic . | . . . . Secondary 1 | . . . 1 Self-Inflicted Damage 145 | . 81 52 12 Shots 6 | . 3 2 1 Rammed 4 | . 3 1 . Targets Rammed 4 | . 3 1 . Kicked . | . . . . Crushed . | . . . . Highest Temperature 220 | . . 9 220 Average Temperature 36 | . . 4 110 Received Heat Transfer 460 | . 24 90 346 Siege Activations . | . . . . Martial Activations . | . . . . Shielding Activations . | . . . . Robots Disrupted . | . . . . Combat Hostiles . | . . . . Robots Corrupted 1 | . . . 1 Combat Hostiles 1 | . . . 1 Parts Fried 1 | . . . 1 Impact Corruptions 1 | . . . 1 Robots Melted . | . . . . Combat Hostiles . | . . . . Parts Melted . | . . . . Heat Transferred . | . . . . Parts Sabotaged . | . . . . Parts Stolen . | . . . . Parts Stripped . | . . . . Power Chain Reactions . | . . . . Alert | -11 -10 -10 -10 ------- Run | Yrd Mat Min Sub Maximum Alert Level . | . . . . Low Security (%) 100 | 100 100 100 . Level 1 . | . . . . Level 2 . | . . . . Level 3 . | . . . . Level 4 . | . . . . Level 5 . | . . . . High Security . | . . . . Max Security . | . . . . Peak Influence 182 | 10 148 182 . Initial 22 | . . 22 . Average 41 | 1 75 33 . Influence Increases 570 | 30 288 252 . Destroy 0b10 Robot/C 300 | . 160 140 . Destroy 0b10 Robot/NC 45 | 30 5 10 . Destroy Leader 60 | . 30 30 . Disable Machine 60 | . 30 30 . Destroy Structure 60 | . 18 42 . Lose Combat Pursuer 45 | . 45 . . Influence Decreases 570 | 30 230 310 . Entered New Map 36 | . . 36 . Time Decay 494 | 30 210 254 . Lost Part 40 | . 20 20 . Squads Dispatched 2 | . 2 . . Investigation . | . . . . Extermination . | . . . . Reinforcement 2 | . 2 . . Assault . | . . . . Garrison . | . . . . Intercept . | . . . . Searches Triggered . | . . . . Construction Impeded . | . . . . Haulers Reinforced . | . . . . Active Scanning Responses . | . . . . Cargo Convoy Interrupts . | . . . . Stealth | -11 -10 -10 -10 --------- Run | Yrd Mat Min Sub Distress Signals 2 | . 2 . . Communications Jammed . | . . . . Distress Signals . | . . . . Times Spotted 28 | . 16 8 4 Peak Tracking Total 4 | . 4 4 4 Tactical Retreats 1 | . 1 . . Traps | -11 -10 -10 -10 ------- Run | Yrd Mat Min Sub Traps Triggered . | . . . . Indirectly . | . . . . Trap Hack Attempts . | . . . . Triggered . | . . . . Disarmed . | . . . . Reprogrammed . | . . . . Reused . | . . . . Traps Extracted . | . . . . Installed . | . . . . Triggered . | . . . . Machines | -11 -10 -10 -10 ---------- Run | Yrd Mat Min Sub Machines Disabled 5 | . 2 3 . Max in Single Turn 1 | . 1 1 . Machines Repaired . | . . . . Machines Dismantled . | . . . . Machines Sabotaged . | . . . . Overloaded Fab Kills . | . . . . Hacking | -11 -10 -10 -10 --------- Run | Yrd Mat Min Sub Machines Accessed 3 | . 3 . . Terminals 3 | . 3 . . Fabricators . | . . . . Repair Stations . | . . . . Recycling Units . | . . . . Scanalyzers . | . . . . Garrison Access . | . . . . Total Hacks 4 | . 4 . . Successful 1 | . 1 . . Failed 3 | . 3 . . Catastrophic 1 | . 1 . . Database Lockouts . | . . . . Manual 1 | . 1 . . Terminals 4 | . 4 . . Fabricators . | . . . . Repair Stations . | . . . . Recycling Units . | . . . . Scanalyzers . | . . . . Garrison Access . | . . . . Terminal Hacks 1 | . 1 . . Alert Level 1 | . 1 . . Fabricator Hacks . | . . . . Repair Station Hacks . | . . . . Recycling Unit Hacks . | . . . . Scanalyzer . | . . . . Garrison Access Hacks . | . . . . Unauthorized Hacks . | . . . . Terminals . | . . . . Fabricators . | . . . . Repair Stations . | . . . . Recycling Units . | . . . . Scanalyzers . | . . . . Garrison Access . | . . . . Data Cores Recovered . | . . . . Used . | . . . . Hacking Detections . | . . . . Full Trace Events . | . . . . Feedback Events . | . . . . Feedback Blocked . | . . . . Robot Schematics Acquired . | . . . . Robots Built . | . . . . Authchips . | . . . . Time . | . . . . Total Robot Build Rating . | . . . . Part Schematics Acquired . | . . . . Parts Built . | . . . . Authchips . | . . . . Time . | . . . . Total Part Build Rating . | . . . . Part Studies Acquired . | . . . . Parts Repaired . | . . . . Time . | . . . . Parts Recycled . | . . . . Recycled Matter . | . . . . Retrieved Matter . | . . . . Retrieved Components . | . . . . Parts Scanalyzed . | . . . . Part Schematics Acquired . | . . . . Parts Damaged . | . . . . Bothacking | -11 -10 -10 -10 ------------ Run | Yrd Mat Min Sub Used RIF Installer . | . . . . Robots Hacked . | . . . . Non-combat . | . . . . Combat . | . . . . Robot Hacks Applied . | . . . . Relay Couplers Released . | . . . . Fabnet Peak Effective % . | . . . . Robots Rewired . | . . . . Allies Hacked . | . . . . Hacks Repelled . | . . . . Allies | -11 -10 -10 -10 -------- Run | Yrd Mat Min Sub Total Allies 1 | . . 1 . Largest Group 1 | . . 1 . Highest-Rated Group 31 | . . 31 . Highest-Rated Ally 31 | . . 31 . Total Orders . | . . . . Ally Attacks . | . . . . Total Damage . | . . . . Kills . | . . . . Allies Corrupted . | . . . . Allies Melted . | . . . . Intel | -11 -10 -10 -10 ------- Run | Yrd Mat Min Sub Active Infowar (turns) 2149 | 12 488 1282 367 Sensors 1753 | . 104 1282 367 Seismic 396 | 12 384 . . Robot Analysis Total . | . . . . Derelict Logs Recovered 1 | . . . 1 Drone Launches . | . . . . Drone Recoveries . | . . . . Exploration | -11 -10 -10 -10 ------------- Run | Yrd Mat Min Sub Turns Passed 2331 | 176 498 1282 375 Spaces Moved 1480 | 132 435 705 208 Core 26 | 17 . 9 . Treads 391 | . . 183 208 Legs . | . . . . Wheels 1063 | 115 435 513 . Hover . | . . . . Flight . | . . . . Fastest Speed 50 | 50 90 95 160 Average Speed 112 | 84 93 115 160 Slowest Speed 350 | 90 95 350 160 Overloaded Moves . | . . . . Propulsion Burnouts . | . . . . Robots Hopped . | . . . . Potential Cave-ins . | . . . . Cave-ins Triggered . | . . . . Exploration Rate (%) 47 | 4 61 99 25 Regions Visited 3 Branch Regions 2 Pre-discovered Areas . | . . . . Known Exits Taken . | . . . . Unknown Exits Taken 3 | 1 1 1 . Scrap Searched 2 | . . 2 . Spaces Dug . | . . . . Terrain Destroyed 86 | . 14 54 18 Melee . | . . . . Projectile . | . . . . AOE 86 | . 14 54 18 Terrain Rammed . | . . . . Walls Destroyed . | . . . . Machines Disabled . | . . . . Actions | -11 -10 -10 -10 --------- Run | Yrd Mat Min Sub Total 2040 | 171 490 1148 231 Wait 416 | 1 10 401 4 Move 1477 | 131 434 704 208 Hop . | . . . . Pick Up 32 | 13 8 11 . Fast Attach . | . . . . Attach 25 | 7 7 6 5 Detach 12 | . 6 3 3 Swap 2 | . 1 1 . Drop 12 | 4 2 6 . Fire 54 | 15 18 15 6 Melee 6 | . 1 . 5 Ram 3 | . 3 . . Kick . | . . . . Crush 1 | . . 1 . Escape Stasis . | . . . . Rewire . | . . . . Trap . | . . . . Miscellaneous . | . . . . Route ------- -11/Scrapyard -10/Materials (discovered 2 exits: [*Mat] / [*Min]) -10/Mines (discovered 3 exits: [*Mat x2] / [*Sub]) -10/Subcaves History --------- Turn | Location | Event 11 | -11/Scrapyard | Discovered new exit (range 15) 177 | -11/Scrapyard | Entered Materials 309 | -10/Materials | Build established: Mutant 356 | -10/Materials | Discovered new exit (range 11) 623 | -10/Materials | Discovered new exit (range 13) 675 | -10/Materials | Entered Mines 764 | -10/Mines | Met a Derelict bent on vengeance 984 | -10/Mines | Discovered new exit (range 6) 1000 | -10/Mines | Discovered new exit (range 12) 1056 | -10/Mines | Discovered new exit (range 15) 1072 | -10/Mines | Received a Mining Laser from a helpful Derelict 1271 | -10/Mines | Joined a pair of Derelicts in attacking an 0b10 outpost 1957 | -10/Mines | Entered Subcaves 1958 | -10/Subcaves | Approached by a straggling Scientist 2139 | -10/Subcaves | Learned location of 1 exit from Materials 2265 | -10/Subcaves | Core integrity fell below 50% 2325 | -10/Subcaves | Core integrity fell below 20% 2332 | -10/Subcaves | Destroyed by UZ-SA4(R) with Subdweller Laser Last Messages --------------- Grenade Launcher destroyed. 5T-7XI(c) destroyed. Critical hit (Destroy). Ion Engine destroyed. Critical hit (Meltdown: +250). The unstable cave ceiling collapses. Subatomizers dissect the Wheel. Lgt. Treads destroyed. 2P-0RY(R) suffers critical hit (Smash). Destroyed Sub. Beam Cannon. 2P-0RY(R) system corrupted by crushing effect. Critical hit (Destroy). Lgt. Treads destroyed. 2P-0RY(R) system terminally corrupted. Sub. Optics fried. CM-VRQ(R) knocked back. Subatomizers dissect the Corrupted Sub. Power Source. Sensor Array destroyed. CM-VRQ(R) destroyed. Map ----- +----------------------------------------------------+ | ????????????##?# ??## ### ## | | ???????????## ### #?## ## ### ### | | ???????????# # ### ### #####?# | | ???????????# ### #????# | | ????????????# ### ????# | | ????????????##### ## ???# | | ???????????????## ## ??# # | | ??????????????## ### #?#### | | ?????????????## ##### ##?# ## #????? | | ?????????????# "########## #??# #?? ????? | | ?????????????### * ### ###???###??###??? ##???? | | ??????????????##=% ##????????????? #????? | | ??????????????# = ##???????????? ????? | | ??????????????## ##???????????# ?????? | | ??????????????# #### #???????????? ???????? | | ??????????????## #??## ##???????????????????? | | ??????????????# ##??# ##??????????????????? | | ????????????# #### #??????????????????? | | ??????????? ## ########??????????????????? | | ??????????## # #?????????????????????????? | | ???????????# # ## #?????????????????????????? | | ???????????## % ## ##????????????????????????? | | ??????????? # R##???????????????????????? | | ??????????# # %%*#???????????????????????? | | ????????? ### R ###?????????????????????? | | ????????? #?# ## @ #?????????????????????? | | ????????" ??# ## #?????????????????????? | | ?????? # # ??## ## ##?????????????????????? | | ???? #####???#########??????????????????????? | | ?? ????????????????????????????????????????? | | ? ?????????????????????????????????????????? | | ?# ## ?????????????????????????????????????????? | | ?# ??#??????????????????????????????????????????? | | # ??????????????????????????????????????????????? | | ? ???????????????????????????????????????????????? | | ?????????????????????????????????????????????????? | | ?????????????????????????????????????????????????? | | ?????????????????????????????????????????????????? | | ?????????????????????????????????????????????????? | | ?????????????????????????????????????????????????? | | ?????????????????????????????????????????????????? | | ?????????????????????????????????????????????????? | | ?????????????????????????????????????????????????? | | ???????????????????????????????????????????????### | | ??????????????????????????????????????????????## | | ??????????????????????????????????????????????# | | ??????????????????????????????????????????????### | | ????????????????????????????????????????????????# | | ????????????????????????????????????????????????## | | ?????????????????????????????????????????????????? | +----------------------------------------------------+ Best States ------------- Heat Dissipation 25 Energy Generation 12 Energy Capacity 265 Matter Stores 300 Matter Capacity 300 Sight Range 16 Robot Scan Range 14 Terrain Scan Density 10 Evasion (%) 50 Recoil Reduction 2 Item Schematics ----------------- None Robot Schematics ------------------ None Fabricated ------------ Nothing Repaired ---------- Nothing Studied --------- None Alien Tech Used ----------------- None Achievements -------------- None Challenges ------------ None Game ------ Seed DataPhysicsChaingun Manual? 0 Play Time 00:21:45 Cumulative 16.4 hours Start 2026.08.16 @ 12:26:05 End 2026.08.16 @ 12:45:14 Sessions 1 Manual Loads 0 Difficulty Rogue Special Mode None Game No. 30 Rogue 30 Adventurer 0 Explorer 0 Win Type - Total 0 Types 0/0/0/0/0/0/0/0/0/0 Lore% 5 Gallery% 19 Achievement% 15 Wizard Run 0 Options --------- Layout 1 ASCII 0 Keyboard 1 Movement Numpad Keybinds 0 Fullscreen 1 Font 24/Smallcaps Map View 50x35 Zoom Use 0% Tactical HUD 0 Map Filters NONE Filters NONE Steam 1 RUN: d18843bc-7c36-4c09-84f4-4f4f33e35798